Map: Eternal Empire LE

Players

Kelazhur - Winner!

  • Race: Terran Terran
  • Spawn Location: 1:00

Vindicta

  • Race: Terran Terran
  • Spawn Location: 7:00

Event: IEM Katowice 2020

VOD

Have the link to the VOD?

Description

Time

  • Played on: Feb. 25, 2020, 9:12 a.m.
  • Length: 20:11

All games in this series

Show
View Real Time Build Order
Export as new Build Order

Kelazhur Terran - Winner!

Build Orders:  

Get SALT Encoding   

  12  0:00  SCV  
  13  0:12  SCV  
  14  0:17  Supply Depot  
  14  0:24  SCV  
  14  0:27  Refinery  
  15  0:38  SCV  
  16  0:43  Barracks  
  16  0:50  SCV  
  16  0:54  Refinery  
  17  1:02  SCV  
  18  1:15  SCV  
  19  1:30  Orbital Command  
  19  1:32  Factory  
  19  1:35  Reaper  
  20  1:44  Supply Depot  
  20  1:56  SCV  
  22  2:09  SCV  
  22  2:12  Reaper  
  23  2:16  Hellion  
  23  2:21  SCV  
  26  2:31  Command Center  
  26  2:35  SCV  
  29  2:44  Hellion  
  29  2:46  Reaper  
  29  2:49  SCV  
  29  2:50  Supply Depot  
  31  2:58  Starport  
  31  3:10  Factory Tech Lab  
  31  3:11  SCV  
  31  3:23  Barracks Reactor, SCV  
  32  3:36  SCV  
  32  3:40  Factory Tech Lab  
  33  3:42  Raven, Refinery  
  33  3:43  Orbital Command  
  33  3:48  SCV  
  36  3:59  Supply Depot, Cyclone, Marine  
  36  4:00  SCV, Marine  
  42  4:10  SCV  
  42  4:12  SCV  
  44  4:17  Marine x2  
  44  4:23  SCV  
  47  4:24  SCV  
  47  4:25  Raven  
  50  4:35  SCV, Marine x2, Siege Tank  
  50  4:36  SCV  
  57  4:43  Supply Depot  
  57  4:47  SCV  
  57  4:48  SCV  
  59  4:53  Marine x2  
  59  4:59  SCV, Command Center  
  62  5:05  SCV, Supply Depot  
  63  5:11  Marine  
  65  5:14  SCV  
  65  5:17  Siege Tank  
  68  5:22  Raven  
  68  5:27  Barracks x2  
  70  5:30  Supply Depot, Marine  
  70  5:32  Marine  
  72  5:37  SCV x2  
  74  5:48  Supply Depot  
  74  5:50  SCV  
  74  5:52  SCV  
  69  6:02  SCV, Siege Tank  
  62  6:04  Marine  
  62  6:06  Marine  
  62  6:07  SCV  
  58  6:15  Orbital Command  
  58  6:17  SCV  
  59  6:21  Barracks Reactor  
  59  6:22  Marine  
  59  6:25  SCV  
  61  6:27  Starport Reactor  
  61  6:29  SCV  
  61  6:31  Stimpack, Marine  
  63  6:34  Refinery  
  63  6:37  SCV  
  64  6:40  Marine x2  
  64  6:41  SCV  
  64  6:42  Siege Tank  
  64  6:43  Orbital Command  
  71  6:49  SCV, Marine  
  71  6:50  Engineering Bay  
  71  6:52  Engineering Bay  
  71  6:53  SCV  
  73  6:59  Orbital Command  
  73  7:01  SCV  
  74  7:02  Marine x2  
  74  7:03  Marine x2  
  74  7:06  Marine  
  79  7:09  SCV  
  79  7:11  Viking x2  
  79  7:13  SCV  
  79  7:14  Siege Tank  
  84  7:21  SCV  
  84  7:22  Marine x2  
  83  7:25  SCV  
  85  7:30  SCV  
  85  7:33  SCV  
  86  7:37  SCV  
  86  7:42  SCV  
  85  7:46  SCV, Siege Tank  
  85  7:49  SCV  
  86  7:51  Medivac  
  86  7:52  Marine x2  
  86  7:54  SCV  
  86  7:58  SCV  
  92  7:59  Marine  
  92  8:02  Orbital Command  
  92  8:03  Marine x2  
  88  8:06  SCV  
  88  8:10  SCV, Marine  
  88  8:12  Marine  
  84  8:17  Marine  
  84  8:18  SCV  
  85  8:21  Siege Tank  
  85  8:22  SCV  
  89  8:33  Marine x3  
  89  8:34  Combat Shield, Marine  
  93  8:38  Terran Infantry Weapons Level 1  
  93  8:40  Supply Depot  
  93  8:42  SCV  
  93  8:45  SCV x2  
  93  8:47  Marine  
  97  8:53  Marine x3  
  97  8:54  SCV, Marine  
  102  8:56  Siege Tank  
  102  8:58  SCV  
  106  9:06  SCV x2  
  107  9:10  SCV  
  107  9:12  Marine x3  
  107  9:13  Medivac x2  
  107  9:14  Marine  
  107  9:15  Marine  
  116  9:18  SCV  
  116  9:24  Supply Depot x2  
  117  9:25  SCV x2, Terran Infantry Armor Level 1  
  117  9:26  Refinery x2  
  117  9:30  SCV  
  120  9:33  Marine x3  
  120  9:34  Marine x2  
  125  9:45  SCV x3, Medivac, Siege Tank  
  133  9:51  Marine x4  
  133  9:52  Marine  
  132  9:57  SCV x2  
  132  9:59  SCV  
  134  10:09  Marine x2  
  136  10:14  Medivac  
  136  10:15  Medivac, Marine  
  136  10:17  Marine, Siege Tank  
  136  10:18  Marine  
  141  10:22  Sensor Tower  
  141  10:24  Barracks  
  141  10:25  Barracks  
  141  10:30  Supply Depot  
  141  10:32  Armory, Supply Depot, Marine x2  
  141  10:33  Supply Depot  
  138  10:43  SCV x3  
  138  10:45  Medivac x2  
  138  10:47  Marine  
  138  10:48  Marine  
  141  10:51  Supply Depot  
  141  10:52  Marine  
  141  10:55  SCV  
  141  10:56  SCV x2  
  145  11:00  Marine  
  145  11:01  Supply Depot  
  145  11:03  Marine  
  147  11:07  SCV  
  147  11:08  SCV x2  
  148  11:15  Medivac x2  
  148  11:17  Barracks Reactor x2, Marine  
  150  11:26  Terran Infantry Weapons Level 2  
  150  11:28  Marine x4  
  152  11:34  Marine  
  153  11:45  Medivac x2  
  153  11:46  Marine x4  
  161  11:51  Terran Infantry Armor Level 2  
  161  11:52  Marine  
  159  11:56  Supply Depot  
  159  11:57  Supply Depot, Marine x4  
  163  12:03  Marine  
  163  12:04  Command Center  
  163  12:07  Marine  
  155  12:09  Siege Tank  
  155  12:14  Marine  
  158  12:16  Command Center  
  158  12:21  Marine  
  159  12:23  Marine x6  
  159  12:28  Marine  
  166  12:33  Supply Depot  
  166  12:39  Medivac x2, Marine  
  168  12:49  Marine x2  
  168  12:50  Marine x6  
  176  12:52  Terran Vehicle Weapons Level 1, Siege Tank  
  176  12:57  Marine  
  176  13:07  Marine x5  
  176  13:08  Factory  
  181  13:13  Barracks  
  181  13:14  Marine, Barracks  
  181  13:17  Viking x2  
  186  13:22  Marine  
  186  13:23  Marine  
  186  13:26  Marine x2  
  190  13:28  Siege Tank  
  190  13:32  Marine  
  191  13:38  Marine x3  
  194  13:42  Marine  
  194  13:43  Missile Turret  
  194  13:46  Missile Turret  
  194  13:47  Supply Depot  
  194  13:54  Marine  
  184  14:05  Marine x10  
  180  14:11  Marine  
  180  14:16  Terran Infantry Weapons Level 3  
  155  14:23  Marine x4  
  157  14:27  Marine  
  157  14:28  Marine  
  157  14:31  Marine  
  159  14:35  Marine x3  
  159  14:36  Marine  
  160  15:01  Marine x10  
  171  15:12  Medivac x2  
  174  15:21  Marine  
  175  15:29  Marine  
  175  15:31  Marine  
  175  15:32  Marine  
  176  15:37  Marine  
  176  15:41  Marine  
  176  15:42  Siege Tank  
  171  16:00  Marine  
  171  16:01  Marine x8  
  174  16:12  Terran Infantry Armor Level 3  
  174  16:14  SCV x3, Siege Tank  
  174  16:17  Planetary Fortress  
  180  16:26  SCV  
  180  16:30  Marine  
  180  16:31  Marine  
  177  16:33  Marine  
  177  16:34  Marine  
  174  16:46  Siege Tank  
  173  16:47  Medivac x2  
  173  16:49  Marine  
  173  16:50  Marine  
  173  16:51  Marine  
  173  16:52  Marine  
  173  16:53  Marine  
  181  17:00  Marine  
  182  17:04  Marine  
  182  17:05  Marine x3  
  177  17:18  Siege Tank  
  177  17:20  Marine  
  179  17:31  Marine  
  180  17:38  Command Center  
  180  17:39  Factory Tech Lab  
  180  17:41  Medivac x2  
  180  17:42  Marine  
  180  17:44  Marine  
  186  17:47  SCV  
  186  17:50  Siege Tank  
  190  17:54  SCV x2  
  192  18:04  Marine  
  192  18:05  Marine  
  194  18:13  Marine x4  
  198  18:33  Marine x2  
  200  18:37  Command Center  
  182  19:04  Marine x9  
  182  19:06  Barracks Reactor x2, Siege Tank  
  194  19:15  Medivac x2  
  198  19:22  Marine x2  
  200  19:32  Sensor Tower  
  200  19:39  Missile Turret  
  200  19:41  Missile Turret  
  200  19:59  Sensor Tower  
  200  20:03  Sensor Tower  
Show
View Real Time Build Order
Export as new Build Order

Vindicta Terran 

Build Orders: Gas First Reaper Expand 

Get SALT Encoding   

  12  0:00  SCV  
  13  0:12  SCV  
  14  0:17  Supply Depot  
  14  0:25  SCV  
  14  0:28  Refinery  
  15  0:39  SCV  
  16  0:45  Barracks  
  16  0:51  SCV  
  17  1:03  SCV  
  18  1:15  SCV  
  19  1:32  Reaper, Orbital Command  
  20  1:47  Command Center  
  20  1:59  Factory  
  20  2:04  SCV  
  21  2:09  Barracks Reactor  
  21  2:16  Supply Depot  
  21  2:18  SCV  
  21  2:21  Refinery  
  22  2:30  SCV  
  23  2:43  SCV  
  23  2:49  Starport  
  23  2:53  Hellion  
  23  2:54  Hellion  
  23  2:55  SCV  
  27  3:07  SCV  
  28  3:15  Hellion, Barracks Tech Lab  
  28  3:19  SCV  
  30  3:31  SCV, Medivac  
  30  3:32  Hellion  
  30  3:33  Orbital Command  
  35  3:43  SCV  
  35  3:47  Supply Depot  
  35  3:48  Bunker  
  36  3:55  SCV  
  37  3:58  SCV, Marine  
  37  3:59  Marine  
  37  4:02  Cyclone  
  43  4:05  Starport Tech Lab  
  43  4:09  SCV  
  44  4:10  SCV  
  44  4:16  Marine  
  45  4:18  Marine  
  45  4:21  SCV  
  45  4:23  SCV  
  46  4:27  Raven  
  48  4:33  SCV  
  48  4:35  Supply Depot  
  48  4:37  Siege Tank  
  52  4:42  Marine  
  54  4:47  SCV  
  54  4:50  Supply Depot  
  54  4:56  Marine  
  54  4:57  SCV  
  56  5:00  Marine  
  56  5:03  SCV  
  58  5:10  Command Center  
  58  5:12  Raven  
  58  5:13  SCV  
  61  5:14  Marine  
  61  5:18  Marine  
  63  5:21  SCV  
  64  5:28  Supply Depot  
  64  5:32  Marine  
  64  5:34  Siege Tank  
  68  5:38  SCV  
  68  5:39  Barracks  
  68  5:40  Barracks  
  68  5:42  SCV  
  70  5:48  Supply Depot  
  70  5:49  Marine  
  69  5:50  SCV, Marine  
  69  5:54  SCV  
  68  6:03  SCV  
  66  6:08  SCV  
  63  6:15  SCV  
  63  6:21  Engineering Bay, Refinery x2  
  63  6:22  Engineering Bay  
  63  6:23  Starport Reactor, Stimpack, Orbital Command  
  63  6:24  SCV  
  62  6:27  SCV  
  63  6:34  Siege Tank  
  63  6:35  Marine  
  63  6:36  SCV  
  63  6:39  SCV  
  69  6:42  Marine x2  
  69  6:43  Barracks Reactor  
  69  6:46  Orbital Command  
  71  6:47  Supply Depot  
  71  6:48  SCV  
  71  6:51  SCV  
  71  6:54  Terran Infantry Weapons Level 1  
  73  6:55  Barracks x2  
  73  6:58  Marine  
  73  7:00  Marine, Terran Infantry Armor Level 1  
  73  7:01  SCV  
  76  7:03  SCV  
  76  7:08  Marine  
  76  7:13  SCV  
  76  7:14  Siege Tank  
  76  7:15  SCV  
  82  7:16  Marine  
  82  7:17  Marine  
  82  7:20  Marine x2  
  86  7:23  Medivac  
  86  7:25  SCV  
  86  7:27  Marine  
  89  7:34  Marine  
  89  7:35  Barracks x2  
  89  7:36  Marine  
  92  7:38  Marine  
  92  7:41  SCV  
  93  7:47  Supply Depot, Marine  
  93  7:49  Marine, Siege Tank  
  93  7:52  Marine  
  93  7:54  Marine  
  91  8:02  Orbital Command  
  91  8:03  SCV  
  91  8:04  Marine  
  91  8:05  SCV  
  71  8:07  Marine x2  
  71  8:09  Marine  
  71  8:11  Starport Reactor  
  71  8:12  Marine  
  70  8:15  SCV  
  70  8:16  Combat Shield  
  70  8:17  SCV  
  72  8:22  Marine  
  72  8:25  Marine x2  
  72  8:26  Siege Tank  
  80  8:27  SCV  
  80  8:29  SCV  
  80  8:31  SCV  
  80  8:32  Marine  
  81  8:39  Barracks Reactor  
  81  8:40  SCV, Marine  
  83  8:41  SCV  
  83  8:42  Barracks Reactor, Supply Depot  
  83  8:43  SCV, Marine x2  
  83  8:46  Marine  
  83  8:47  Sensor Tower  
  87  8:48  Medivac  
  87  8:49  Marine  
  87  8:52  SCV  
  87  8:54  SCV  
  92  8:56  Medivac  
  92  8:58  Marine  
  92  8:59  SCV  
  92  9:01  Marine x2  
  98  9:04  SCV, Marine  
  98  9:07  Marine  
  95  9:11  Refinery x2  
  95  9:12  Factory  
  95  9:14  Factory  
  95  9:15  Marine  
  96  9:18  SCV x3, Marine  
  96  9:19  Marine  
  96  9:20  Marine, Siege Tank  
  96  9:22  Marine x4  
  108  9:25  Marine  
  108  9:30  SCV x3  
  111  9:31  Sensor Tower  
  111  9:32  Supply Depot  
  111  9:33  Marine  
  111  9:36  Marine  
  111  9:37  Marine  
  111  9:38  Marine  
  111  9:39  Marine  
  111  9:40  Armory  
  111  9:41  Marine  
  111  9:44  Marine x3  
  116  9:45  SCV  
  116  9:46  SCV  
  117  9:53  Viking x2, Marine  
  117  9:54  Marine x2  
  117  9:57  Marine  
  125  10:06  Supply Depot  
  125  10:07  Factory Tech Lab  
  125  10:09  Supply Depot  
  125  10:15  Supply Depot  
  125  10:17  Supply Depot  
  121  10:27  Viking x2, Marine, Siege Tank  
  125  10:28  Supply Depot  
  125  10:30  SCV, Marine x7  
  125  10:31  SCV x2, Marine  
  128  10:43  SCV x2  
  128  10:45  Marine, Siege Tank  
  128  10:46  SCV  
  128  10:48  Marine x4  
  127  10:50  Marine  
  128  10:57  Medivac  
  128  10:59  SCV x2  
  128  11:01  Siege Tank  
  128  11:03  Medivac  
  138  11:07  Armory, Marine  
  136  11:12  SCV  
  136  11:13  Marine  
  136  11:16  SCV  
  140  11:23  SCV, Supply Depot  
  140  11:26  Marine  
  140  11:30  Marine  
  140  11:31  Marine  
  138  11:34  Medivac  
  138  11:35  Marine  
  140  11:41  Marine  
  139  11:47  SCV  
  139  11:52  Liberator  
  140  11:57  Terran Infantry Weapons Level 2  
  137  12:03  Terran Infantry Armor Level 2  
  137  12:08  SCV  
  129  12:13  Siege Tank  
  132  12:22  Marine, Liberator  
  135  12:26  Marine  
  135  12:27  Marine  
  138  12:34  Siege Tank  
  136  12:44  Liberator  
  129  12:45  Siege Tank  
  129  12:46  Marine  
  133  12:56  Refinery  
  133  12:57  Marine x2  
  137  13:00  Marine x2  
  137  13:01  Sensor Tower  
  137  13:04  Marine  
  137  13:05  Medivac, Marine  
  134  13:06  Marine  
  134  13:08  Marine  
  133  13:13  Siege Tank  
  133  13:15  Marine  
  133  13:18  Marine  
  139  13:22  Siege Tank  
  139  13:23  Marine  
  139  13:26  Marine  
  143  13:29  Medivac  
  143  13:33  Marine  
  148  13:41  Armory  
  146  13:45  Siege Tank  
  146  13:46  Marine  
  150  13:49  Marine  
  150  13:50  Marine  
  150  13:51  Marine  
  150  13:54  Marine, Siege Tank  
  157  13:57  Marine  
  157  14:02  Marine  
  159  14:07  Marine x2  
  159  14:08  Marine  
  159  14:09  Marine x2  
  143  14:11  Marine  
  143  14:12  Marine  
  143  14:15  Marine  
  133  14:17  Siege Tank  
  133  14:20  Marine  
  127  14:24  Marine  
  127  14:26  Marine  
  129  14:33  Siege Tank  
  129  14:36  Orbital Command  
  129  14:37  Marine  
  127  14:40  Marine  
  128  14:45  Marine  
  128  14:48  Marine  
  128  14:51  Marine  
  131  14:56  Marine  
  131  14:59  Marine  
  133  15:02  Marine  
  134  15:09  Siege Tank  
  137  15:16  Marine x2  
  139  15:22  Marine  
  139  15:25  Medivac  
  144  15:29  Marine  
  144  15:30  Marine  
  144  15:34  Marine x2  
  132  15:40  Siege Tank  
  132  15:41  Marine  
  111  15:43  Marine  
  111  15:48  Marine  
  114  15:52  Siege Tank  
  114  15:55  Marine  
  115  15:57  Marine  
  115  15:58  Marine  
  115  16:00  Marine  
  115  16:02  Marine  
  113  16:07  Marine  
  111  16:12  Siege Tank  
  111  16:13  Marine  
  111  16:14  Liberator  
  111  16:15  Liberator  
  111  16:17  Marine  
  118  16:20  Marine x2  
  118  16:23  Marine  
  118  16:24  Marine  
  120  16:25  Marine  
  120  16:31  Marine, Siege Tank  
  125  16:33  Marine  
  125  16:35  Marine  
  125  16:38  Marine  
  121  16:41  Marine  
  121  16:45  Marine x2  
  124  16:48  Marine  
  124  16:49  Marine  
  125  17:00  Marine  
  122  17:03  Marine  
  122  17:12  Marine  
  122  17:14  Marine  
  120  17:18  Marine  
  114  17:24  Marine  
  114  17:28  Marine  
  109  17:30  Orbital Command  
  109  17:35  Marine  
  110  17:44  SCV  
  111  17:51  Marine  
  111  17:52  Marine  
  115  18:04  Siege Tank  
  107  18:09  Orbital Command  
  109  18:13  Marine x2  
  109  18:15  Marine  
  109  18:17  Marine  
  109  18:18  Marine  
  111  18:22  Marine  
  111  18:24  Marine  
  111  18:25  Marine  
  114  18:30  Marine x2  
  114  18:33  Marine  
  114  18:34  Marine  
  114  18:36  Marine  
  114  18:40  Marine  
  114  18:41  Siege Tank  
  120  18:42  Marine  
  120  18:45  Siege Tank  
  122  18:49  Marine  
  122  18:51  Marine  
  122  18:53  Marine  
  122  18:54  Marine  
  112  19:01  Marine  
  113  19:03  Marine  
  113  19:05  Medivac  
  113  19:07  Medivac  
  113  19:08  Marine  
  115  19:11  Marine  
  115  19:13  Siege Tank  
  115  19:14  SCV  
  115  19:16  SCV  
  117  19:19  Marine  
  117  19:20  Refinery  
  117  19:21  Marine  
  117  19:22  Marine  
  117  19:23  Marine  
  121  19:25  Marine  
  121  19:28  SCV  
  121  19:30  SCV  
  124  19:35  Marine  
  125  19:46  Supply Depot, Refinery  
  125  19:54  SCV x2  
  125  19:59  SCV  
  133  20:05  Supply Depot  

Tags
 
Add a new tag
Caveats
  • Supply blocks, unpowered buildings, or Contaminate may cause inaccurate times.
  • Supply counts are checked every 10 seconds.